 Dungeon Crawl Stone Soup version 0.26-a0-661-g406de6ba63 (webtiles) character file.

Game seed: 15056656733998127211

1255 strifetoe the Conjurer (level 8, -3/70 HPs)
             Began as a Palentonga Hedge Wizard on Oct 9, 2020.
             Was an Initiate of Okawaru.
             Shot with an arrow by a centaur (9 damage)
             ... on level 7 of the Dungeon.
             The game lasted 00:14:04 (10444 turns).

strifetoe the Conjurer (Palentonga Hedge Wizard)   Turns: 10444, Time: 00:14:05

Health: -3/70      AC:  4    Str: 15    XL:     8   Next: 26%
Magic:  14/14      EV: 10    Int: 17    God:    Okawaru [......]
Gold:   356        SH:  5    Dex: 10    Spells: 6/15 levels left

rFire    . . .     SeeInvis +   y - +1 quarterstaff (spect)
rCold    . . .     Faith    .   (shield currently unavailable)
rNeg     . . .     Spirit   .   b - +0 robe
rPois    .         Reflect  +   c - +0 hat
rElec    .         Harm     .   (no cloak)
rCorr    .         Rampage  .   (no gloves)
MR       .....                  (no barding)
Stlth    +.........             a - amulet of reflection
HPRegen  0.21/turn              w - ring of wizardry
MPRegen  0.14/turn              (no ring)

@: hasted, very quick
A: large, rugged brown scales 3, see invisible, deformed body, strong 1,
MP-powered wands, roll, armoured tail
a: Rolling Charge, Renounce Religion


You were on level 7 of the Dungeon.
You worshipped Okawaru.
Okawaru was noncommittal.
You visited 2 branches of the dungeon, and saw 8 of its levels.

You collected 356 gold pieces.

Inventory:

Hand Weapons
 i - a +0 short sword
 k - a +2 dagger of protection
 y - a +1 spectral quarterstaff (weapon)
Missiles
 t - 45 sling bullets
Armour
 b - a +0 robe (worn)
 c - a +0 hat (worn)
 j - a +0 buckler
Jewellery
 a - an amulet of reflection (around neck)
 w - a ring of wizardry (left hand)
Wands
 l - a wand of digging (6)
 n - a wand of polymorph (11)
 q - a wand of acid (4)
Scrolls
 d - a scroll of enchant armour {unknown}
 e - a scroll of enchant weapon
 f - 4 scrolls of amnesia {unknown}
 g - 3 scrolls of teleportation
 p - 2 scrolls of magic mapping {unknown}
 r - a scroll of identify
 s - a scroll of fear {unknown}
 u - 4 scrolls of remove curse {unknown}
 v - a scroll of acquirement {unknown}
 z - 2 scrolls of immolation {unknown}
Potions
 h - a potion of resistance {unknown}
 m - a potion of brilliance
 x - 3 potions of curing {unknown}
 A - a potion of flight


   Skills:
 - Level 4.1 Fighting
 + Level 2.5 Armour
 - Level 1.5 Dodging
 - Level 1.2 Stealth
 + Level 0.4 Unarmed Combat
 - Level 4.1 Spellcasting
 - Level 5.3 Conjurations
 - Level 2.1 Summonings
   Level 1.0 Translocations
 - Level 2.0 Air Magic
 - Level 2.0 Poison Magic


You had 6 spell levels left.
You knew the following spells:

 Your Spells              Type           Power        Failure   Level
a - Magic Dart            Conj           ###.         1%          1
b - Call Imp              Summ           ##......     4%          2
c - Mephitic Cloud        Conj/Pois/Air  ##......     5%          3
d - Conjure Flame         Conj/Fire      ##......     6%          3

Your spell library contained the following spells:

 Spells                   Type           Power        Failure   Level
 Blink                    Tloc           N/A          6%          2
 Ensorcelled Hibernation  Hex/Ice        #.....       10%         2
 Slow                     Hex            #.......     10%         2


Dungeon Overview and Level Annotations

Branches:
Dungeon (7/15)             Temple (1/1) D:6

Altars:
Cheibriados
Dithmenos
Elyvilon
Fedhas
Hepliaklqana
Makhleb
Okawaru
Qazlal
Ru
Uskayaw
Wu Jian
Zin
The Shining One

Shops:
D:6 (

Annotations:
D:3 exclusions: downstairs and 1 more exclusion


Innate Abilities, Weirdness & Mutations

You are completely covered in rugged brown scales. (AC +3, +7% HP)
You have supernaturally acute eyesight. (SInv)
Armour fits poorly on your strangely shaped body.
You can roll at foes to attack.
You have a long armoured tail.
Your muscles are strong. (Str +2)
You expend magic power (3 MP) to strengthen your wands.


Message History

The centaur is lightly wounded.
The centaur barely misses you. The centaur hits you.
You hit the centaur but do no damage.
You tail-slap the centaur, but do no damage.
The centaur is lightly wounded.
The centaur hits you! The centaur hits you.
You sock the centaur!
The centaur is severely wounded.
The centaur hits you but does no damage.
The ogre hits you with a +0 giant club!!
* * * LOW HITPOINT WARNING * * *
You block the centaur's attack.
Unknown command.
You feel yourself speed up. You block the centaur's attack.
The ogre hits you with a +0 giant club!
* * * LOW HITPOINT WARNING * * *
Unknown command.
The centaur wields a cursed -1 shortbow.
The centaur shoots an arrow.
The arrow hits you!
You die...

)#).................#
..= #.###.......#...#
..O #..#........#..##
###.####...##....##..#
##.....###..##...##...#
##..⌠.⌠?.###$....##....#
#.........####c###....##
...........#..#..#...##
...._._..⌠.#..#O@#
.....s...s.......#
...._._..⌠.#..#..#
.....o.....#..#..#
#....s....########..
##..⌠.⌠..##.........
##.....##..<.......
..###.###....#####..
#....so.s...##


You could see an ogre, a centaur and a scorpion.

Vanquished Creatures
  A sky beast (D:6)
  3 phantoms
  A centaur (D:5)
  A howler monkey (D:3)
  A bullfrog zombie (D:6)
  2 hounds
  A quasit (D:5)
  Jessica (D:2)
  A bullfrog skeleton (D:5)
  An iguana (D:4)
  3 worker ants
  A hound zombie (D:5)
  2 hound skeletons
  8 adders
  A white imp (D:5)
  5 worms
  4 dart slugs
  2 leopard geckos
  7 orcs
  10 bats
  4 giant cockroaches
  8 goblins
  7 hobgoblins
  12 jackals
  11 kobolds
  6 quokkas
  2 ball pythons
  5 frilled lizards
  A jackal skeleton (D:6)
  2 quokka skeletons
  9 rats
123 creatures vanquished.

Vanquished Creatures (collateral kills)
  An ice beast (D:5)
  A phantom (D:4)
  2 ogres (D:4)
  2 adders
  An ufetubus (D:6)
  2 orcs (D:5)
  A jackal zombie (D:5)
10 creatures vanquished.

Vanquished Creatures (others)
  An orc wizard (D:3)
  A quokka (D:5)
2 creatures vanquished.

Grand Total: 135 creatures vanquished

Notes
Turn   | Place    | Note
-------+----------+-------------------------------------------
     0 | D:1      | strifetoe the Palentonga Hedge Wizard began the quest for
                  | the Orb.
     0 | D:1      | Reached XP level 1. HP: 14/14 MP: 4/4
    27 | D:1      | Reached skill level 1 in Conjurations
   347 | D:1      | Reached XP level 2. HP: 20/21 MP: 6/6
   352 | D:1      | Reached skill level 2 in Conjurations
  1017 | D:1      | Reached XP level 3. HP: 6/27 MP: 2/7
  1253 | D:1      | Learned a level 2 spell: Call Imp
  1257 | D:1      | Learned a level 3 spell: Mephitic Cloud
  1900 | D:1      | Reached skill level 3 in Conjurations
  2302 | D:2      | Reached skill level 1 in Summonings
  2568 | D:2      | Noticed Jessica
  2588 | D:2      | Killed Jessica
  2588 | D:2      | Reached XP level 4. HP: 18/35 MP: 8/8
  2603 | D:2      | Identified Jessica's Incunabulum of Beguiling
  3670 | D:3      | Reached XP level 5. HP: 25/40 MP: 9/9
  4383 | D:3      | Gained mutation: Your muscles are strong. (Str +2) [potion
                  | of mutation]
  4383 | D:3      | Gained mutation: You expend magic power (3 MP) to
                  | strengthen your wands. [potion of mutation]
  4383 | D:3      | HP: 2/40 [orc wizard/puff of flame (6)]
  4385 | D:3      | Reached skill level 4 in Conjurations
  5176 | D:4      | Reached skill level 1 in Air Magic
  5176 | D:4      | Reached skill level 1 in Poison Magic
  5281 | D:4      | Reached XP level 6. HP: 23/48 MP: 10/10
  6172 | D:4      | Learned a level 3 spell: Conjure Flame
  6558 | D:4      | Reached skill level 5 in Conjurations
  6558 | D:4      | Reached XP level 7. HP: 41/53 MP: 4/11
  7012 | D:5      | Entered Level 5 of the Dungeon
  7259 | D:5      | Found a white marble altar of Elyvilon.
  7559 | D:5      | Reached skill level 1 in Fighting
  8396 | D:5      | Found a glowing golden altar of the Shining One.
  8442 | D:5      | Found a blossoming altar of Fedhas.
  8584 | D:5      | Reached XP level 8. HP: 54/70 MP: 3/14
  8977 | D:6      | Reached skill level 1 in Armour
  9416 | D:6      | Found a glowing silver altar of Zin.
  9586 | D:6      | Found Boenn's Weapon Boutique.
  9603 | D:6      | Found a staircase to the Ecumenical Temple.
  9858 | Temple   | Entered the Ecumenical Temple
  9907 | Temple   | Became a worshipper of Warmaster Okawaru
  9969 | D:7      | Found a glowing golden altar of the Shining One.
  9970 | D:7      | Found a stormy altar of Qazlal.
  9970 | D:7      | Found a blossoming altar of Fedhas.
  9970 | D:7      | Found a glowing golden altar of the Shining One.
  9977 | D:7      | Noticed a brown ugly thing
 10435 | D:7      | Identified the ring "Luezxe" {Int+3 SInv}
 10444 | D:7      | Shot with an arrow by a centaur

Illustrated notes

Levels and vault maps discovered:
D:1:      dpeg_arrival_fog, layout_loops_ring
D:2:      layout_basic, kennysheep_jessica_study
D:3:      layout_basic
D:4:      layout_cave_pools, kennysheep_generic_room_8
D:5:      layout_loops_corners, overflow_temple_1_default,
          fedhas_bush_and_centaur_altar, elyvilon_altar_4
D:6:      layout_basic, lemuel_round_altar, nicolae_overflow_hidden_temple,
          minmay_temple_entry_statues, serial_shops, nicolae_shop_crystal
D:7:      minmay_the_grid_octo_tiled_squarecenter
          [minmay_the_grid_octo_tetromino_candy, minmay_the_grid_octo_shrine,
          minmay_the_grid_octo_clover, minmay_the_grid_octo_teeth,
          minmay_the_grid_square_5x5_megaprize_crossed,
          minmay_the_grid_square_5x5_hollow_slash,
          minmay_the_grid_square_5x5_bridge,
          minmay_the_grid_square_5x5_beaten_path,
          minmay_the_grid_square_5x5_lines], layout_basic, serial_shops,
          kennysheep_mini_moat, minmay_strange_pillars, minmay_manual_monolith
Temple:   compressed_dpeg_circular_temple

Skill      XL: |  1  2  3  4  5  6  7  8 |
---------------+-------------------------+-----
Conjurations   | 1 2 3 4 5 |  5.3
Summonings     | 2 |  2.1
Air Magic      | 1 2 |  2.0
Poison Magic   | 1 2 |  2.0
Fighting       | 3 4 |  4.1
Spellcasting   | 4 |  4.1
Armour         | 2 |  2.5
Dodging        | |  1.5
Stealth        | |  1.2
Unarmed Combat | |  0.4
Translocations | |  1.0

Action                   |  1- 3 |  4- 6 |  7- 9 || total
-------------------------+-------+-------+-------++-------
Melee: Dagger            |   123 |   307 |    49 ||   479
       Tailslap          |    10 |    30 |    23 ||    63
       Short sword       |    49 |       |       ||    49
       Quarterstaff      |       |       |   122 ||   122
 Cast: Magic Dart        |    37 |    19 |    13 ||    69
       Call Imp          |       |    17 |    24 ||    41
       Conjure Flame     |       |       |     3 ||     3
       Mephitic Cloud    |       |       |     1 ||     1
Evoke: Wand              |       |     4 |     1 ||     5
  Use: Potion            |     1 |     5 |     2 ||     8
       Scroll            |       |     4 |     3 ||     7
 Stab: Sleeping          |       |     1 |     4 ||     5
Armor: Robe              |    73 |   108 |    54 ||   235
Dodge: Dodged            |   116 |   141 |    96 ||   353
Block: Other             |       |    52 |    62 ||   114
       Reflection        |       |     1 |     2 ||     3

Table legend: (Time is in decaauts)
 A = Elapsed time spent in this place.
 B = Non-inter-level travel time spent in this place.
 C = Inter-level travel time spent in this place.
 D = Time resting spent in this place.
 E = Time spent auto-exploring this place.
 F = Levels seen in this place.
 G = Mean time per level.
                   A        B        C        D        E       F      G
               +--------+--------+--------+--------+--------+-----+--------+
         Total |  10464 |  10201 |    263 |   3579 |   4948 |   8 | 1308.0 |
       Dungeon |  10398 |  10153 |    245 |   3579 |   4948 |   7 | 1485.4 |
        Temple |     66 |     49 |     17 |      0 |      0 |   1 |   66.0 |
               +--------+--------+--------+--------+--------+-----+--------+

Top non-repeatable levels by time:
     D:1: 2117 daAuts
     D:5: 1803 daAuts
     D:4: 1756 daAuts
     D:3: 1654 daAuts
     D:2: 1467 daAuts
     D:6: 1455 daAuts
     D:7: 143 daAuts
  Temple: 66 daAuts
